Map: Chain of Ascension

Players

monk

  • Race: Protoss Protoss
  • Spawn Location: 11:00

sniper

  • Race: Terran Terran
  • Spawn Location: 11:00

VOD

Have the link to the VOD?

Description

Time

  • Played on: Aug. 13, 2017, 5:10 p.m.
  • Length: 19:42
Show
View Real Time Build Order
Export as new Build Order

monk Protoss 

Build Orders:  

Get SALT Encoding   

  12  0:00  Probe (Chrono Boost)  
  13  0:13  Probe (Chrono Boost)  
  14  0:25  Probe (Chrono Boost)  
  15  0:32  Pylon  
  15  0:37  Probe (Chrono Boost)  
  16  0:49  Probe (Chrono Boost)  
  16  0:57  Forge  
  17  1:01  Probe (Chrono Boost)  
  18  1:13  Probe (Chrono Boost)  
  19  1:25  Probe (Chrono Boost)  
  20  1:37  Probe (Chrono Boost)  
  20  1:46  Pylon  
  20  1:49  Probe (Chrono Boost)  
  21  1:52  Photon Cannon  
  22  2:21  Nexus  
  22  2:23  Probe (Chrono Boost)  
  23  2:35  Probe (Chrono Boost)  
  23  2:36  Assimilator  
  24  2:44  Assimilator  
  24  2:47  Probe (Chrono Boost)  
  25  2:59  Probe (Chrono Boost)  
  25  3:00  Gateway  
  26  3:12  Probe (Chrono Boost)  
  27  3:24  Assimilator, Probe (Chrono Boost)  
  28  3:30  Assimilator  
  28  3:36  Probe (Chrono Boost)  
  29  3:48  Probe (Chrono Boost)  
  30  4:10  Probe (Chrono Boost)  
  30  4:11  Probe (Chrono Boost)  
  32  4:23  Probe x2 (Chrono Boost)  
  34  4:35  Cybernetics Core, Probe (Chrono Boost)  
  34  4:37  Probe (Chrono Boost)  
  35  4:47  Probe x2 (Chrono Boost)  
  35  4:48  Solar Efficiency Level 1  
  35  4:49  Probe (Chrono Boost)  
  36  4:50  Probe (Chrono Boost)  
  36  4:52  Probe x2 (Chrono Boost)  
  36  4:54  Probe x2 (Chrono Boost)  
  36  4:57  Probe x2 (Chrono Boost)  
  38  5:05  Protoss Air Weapons Level 1  
  46  5:38  Probe x2 (Chrono Boost)  
  46  5:39  Pylon  
  46  5:44  Stargate  
  48  5:50  Probe (Chrono Boost)  
  48  5:58  Shield Battery  
  49  6:01  Photon Cannon  
  49  6:08  Protoss Air Weapons Level 2  
  49  6:14  Photon Cannon  
  49  6:27  Pylon  
  49  6:48  Fleet Beacon  
  49  6:51  Stargate  
  49  6:53  Stargate  
  49  7:04  Shield Battery  
  49  7:07  Shield Battery  
  49  7:08  Carrier x2  
  49  7:10  Carrier  
  49  7:19  Shield Battery  
  49  7:52  Pylon  
  49  7:57  Pylon  
  67  8:00  Pylon  
  67  8:01  Carrier  
  67  8:14  Shield Battery  
  67  8:32  Carrier  
  67  8:48  Pylon  
  67  8:52  Pylon  
  73  9:17  Photon Cannon  
  73  9:18  Photon Cannon  
  73  9:19  Probe  
  79  9:29  Protoss Air Weapons Level 3  
  80  9:33  Carrier  
  86  10:01  Photon Cannon  
  86  10:08  Carrier  
  86  10:15  Pylon  
  86  10:16  Pylon  
  92  11:08  Carrier  
  92  11:13  Carrier  
  92  11:21  Carrier  
  92  11:44  Pylon  
  98  11:55  Shield Battery  
  98  11:57  Shield Battery  
  98  12:00  Shield Battery, Carrier, Photon Cannon  
  104  12:12  Photon Cannon  
  104  12:20  Photon Cannon x2  
  104  12:21  Photon Cannon  
  104  12:23  Photon Cannon  
  110  12:53  Shield Battery  
  110  12:54  Pylon  
  110  12:55  Pylon  
  116  13:30  Carrier  
  122  14:37  Pylon  
  122  14:38  Carrier (Chrono Boost)  
  122  14:40  Carrier (Chrono Boost)  
  122  14:45  Shield Battery  
  122  14:47  Shield Battery  
  122  14:48  Shield Battery  
  122  14:51  Shield Battery  
  122  14:53  Photon Cannon x2  
  122  14:57  Photon Cannon  
  122  14:59  Photon Cannon  
  134  15:01  Photon Cannon  
  134  15:03  Pylon  
  134  15:25  Carrier (Chrono Boost)  
  140  15:46  Carrier x2 (Chrono Boost)  
  140  15:48  Probe  
  140  16:00  Carrier (Chrono Boost)  
  140  16:18  Pylon  
Show
View Real Time Build Order
Export as new Build Order

sniper Terran 

Build Orders:  

Get SALT Encoding   

  12  0:05  SCV  
Tags
 
Add a new tag
Caveats
  • Supply blocks, unpowered buildings, or Contaminate may cause inaccurate times.
  • Supply counts are checked every 10 seconds.